 Dungeon Crawl Stone Soup version 0.19.5 (webtiles) character file.

13888 Inarius the Carver (level 11, -28/97 HPs)
             Began as a Minotaur Fighter on May 4, 2017.
             Was a Priest of Yredelemnul.
             Annihilated by an ettin
             ... wielding a +0 dire flail
              (31 damage)
             ... on level 12 of the Dungeon on May 5, 2017.
             The game lasted 00:41:44 (11411 turns).

Inarius the Carver (Minotaur Fighter)              Turns: 11411, Time: 00:41:48

Health: -28/97     AC: 19    Str: 28    XL:     11   Next: 81%
Magic:  5/5        EV: 10    Int:  4    God:    Yredelemnul [***...]
Gold:   512        SH: 19    Dex: 23    Spells: 0 memorised, 10 levels left

rFire  + . .     SeeInvis .     U - +7 war axe of Lamor {antimagic, *Rage Str+4}
rCold  . . .     Gourm    .     H - +0 chain mail
rNeg   . . .     Faith    .     p - +2 shield "Zuaph" {-Tele *Contam MR++ Dex+9}
rPois  .         Spirit   .     (helmet restricted)
rElec  .         Reflect  +     t - +2 cloak
rCorr  .         Harm     .     (no gloves)
MR     ++...     Rnd*Rage +     K - +2 pair of boots
Stlth  .......... NoTele   +    X - +3 amulet of reflection
                                s - ring of protection from fire
                                E - +3 ring of strength

@: no status effects
A: retaliatory headbutt, horns 2, rugged brown scales 1, agile 1, dopey 1
a: Recall Undead Slaves, Injury Mirror, Animate Dead, Renounce Religion


You were on level 12 of the Dungeon.
You worshipped Yredelemnul.
Yredelemnul was most pleased with you.
You were not hungry.

You visited 2 branches of the dungeon, and saw 13 of its levels.

You collected 962 gold pieces.
You spent 450 gold pieces at shops.

Inventory:

Hand Weapons
 q - a +2 triple sword of flaming
 I - a +2 short sword of draining
 U - the +7 war axe of Lamor (weapon) {antimagic, *Rage Str+4}
   (You found it on level 11 of the Dungeon)

   It reduces the magical energy of the wielder, and disrupts the spells and
   magical abilities of those hit.
   Natural abilities and divine invocations are not affected.
   It affects your strength (+4).
   It may make you go berserk in combat.
Armour
 p - the +2 shield "Zuaph" (worn) {-Tele *Contam MR++ Dex+9}
   (You found it on level 10 of the Dungeon)

   It affects your dexterity (+9).
   It affects your resistance to hostile enchantments.
   It prevents most forms of teleportation.
   It causes magical contamination when unequipped.
 t - a +2 cloak (worn)
 H - a +0 chain mail (worn)
 K - a +2 pair of boots (worn)
Jewellery
 k - an uncursed ring of positive energy
 l - an uncursed amulet of regeneration
 s - a ring of protection from fire (right hand)
 C - an uncursed ring of see invisible
 E - a +3 ring of strength (left hand)
 M - an uncursed amulet of faith
 X - a +3 amulet of reflection (around neck)
Wands
 b - a wand of random effects (33/48)
 y - a wand of iceblast (13/15)
 J - a wand of lightning (3/15)
 N - a wand of lightning (1/15)
 W - a wand of slowing (25/48)
 Y - a wand of flame (39/48)
Scrolls
 e - 4 scrolls of immolation
 h - 4 scrolls of remove curse
 i - 3 scrolls of teleportation
 j - a scroll of enchant armour
 n - a scroll of brand weapon {unknown}
 o - 2 scrolls of amnesia {unknown}
 r - 2 scrolls of recharging
 u - 3 scrolls of enchant weapon {unknown}
 D - 2 scrolls of fear
 F - a scroll of summoning
 G - a scroll of blinking
 O - a scroll of fog {unknown}
 P - a scroll of magic mapping {unknown}
 R - a scroll of random uselessness {unknown}
 V - a scroll of vulnerability {unknown}
Potions
 a - 2 potions of berserk rage {unknown}
 c - a potion of heal wounds
 d - a potion of might
 g - a potion of agility
 m - a potion of curing
 w - a potion of haste
 x - 2 potions of lignification
 z - 4 potions of flight
 A - a potion of resistance
 Q - a potion of brilliance
Comestibles
 f - 7 bread rations
 v - 7 meat rations
 B - 11 royal jellies
 L - 3 beef jerkies
 S - 7 fruits
 T - 10 chunks of flesh


   Skills:
 + Level 8.8 Fighting
 + Level 4.7(8.7) Short Blades
 * Level 12.0(12.4) Long Blades
 - Level 5.8 Axes
 + Level 9.3 Armour
 + Level 3.6 Dodging
 + Level 2.4 Stealth
 + Level 9.8 Shields
 * Level 7.1 Invocations


You had 10 spell levels left.
You didn't know any spells.

Dungeon Overview and Level Annotations

Branches:
Dungeon (12/15)            Temple (1/1) D:5            Lair (0/6) D:8
    Orc (0/2) D:12

Altars:
Ashenzari
Elyvilon
Gozag
Nemelex Xobeh
Xom
Yredelemnul
The Shining One
Lugonu

Shops:
D:4 (   D:12 !

Portals:
Abyss: D:1


Innate Abilities, Weirdness & Mutations

You reflexively headbutt those who attack you in melee.
You have a pair of horns on your head.
You are partially covered in rugged brown scales. (AC +1, +3% HP)
You are agile. (Dex +2)
You are dopey. (Int -2)


Message History

You cannot teleport because you are wearing the +2 shield "Zuaph" {-Tele *Contam MR++ Dex+9}.
You swap places.
The phantasmal warrior hits your flying skull.
Your flying skull's magical defenses are stripped away!
Your flying skull hits the ettin!
The ettin hits you with a dire flail. The ettin hits you with a dire flail!
A fire dragon comes into view.
Your flying skull hits the ettin!
The phantasmal warrior closely misses your flying skull.
The ettin closely misses your flying skull.
The ettin hits your flying skull but does no damage.
Your flying skull hits the ettin!
Your flying skull hits the ettin.
You swap places.
The phantasmal warrior hits your flying skull!!
Your flying skull is destroyed!
The ettin hits you with a dire flail!!!
* * * LOW HITPOINT WARNING * * *
The ettin hits you with a dire flail!!
You die...
Your body rises from the dead as a mindless zombie.

########
############
#.......
#.W.#z@..D.#
#.######
#.#.#W#CW#.#
#z#
#z#z#W#$$#
#z######
#z#)#.#!%#
#W#.....
#)#.#.#(%#
#W#.....
#W#W..#:?#
#.#zW...
#W########
#..z....
#.##########
#.....≈≈
#...#.W....#
#.#...≈≈


You could see a fire dragon, an ettin, a phantasmal warrior, 2 friendly wraiths
and a friendly flying skull.

Vanquished Creatures
  Snorg (D:12)
  4 hill giants
  A deep elf mage (D:12)
  A slime creature (D:12)
  2 trolls
  A hornet (D:9)
  3 hippogriffs
  7 yaks
  2 wyverns
  A basilisk (D:9)
  The ghost of greprep the Sneak, an amateur SpEn (D:4)
  2 hungry ghosts
  A soldier ant (D:9)
  4 orc warriors
  2 sky beasts
  An eye of draining (D:10)
  An ice beast (D:4)
  8 ogres
  2 phantoms
  4 centaurs
  The ghost of miragecloak the Changer, an amateur OpTm (D:3)
  2 crocodiles
  4 big kobolds
  7 bullfrogs
  3 scorpions
  A wyvern skeleton (D:9)
  3 killer bees (D:9)
  12 wights
  9 crimson imps
  A bullfrog zombie (D:5)
  6 hounds
  A jelly (D:5)
  3 centaur skeletons
  6 orc priests
  10 orc wizards
  A gnoll shaman (D:11)
  Ijyb (D:3)
  4 iguanas
  10 worker ants
  A hound zombie (D:6)
  A hound skeleton (D:8)
  A howler monkey zombie (D:9)
  A worker ant zombie (D:9)
  7 gnolls
  11 adders
  A shadow imp (D:9)
  2 oozes
  4 worms
  5 dart slugs
  7 leopard geckos
  48 orcs
  7 giant cockroaches
  10 hobgoblins
  5 jackals
  2 quokkas
  3 ball pythons (D:3)
  6 bats
  7 frilled lizards
  15 goblins
  A jackal skeleton (D:4)
  19 kobolds
  A leopard gecko zombie (D:6)
  3 quokka skeletons
  8 rats
310 creatures vanquished.

Vanquished Creatures (collateral kills)
  A hill giant (D:12)
  A gargoyle (D:12)
  A freezing wraith (D:11)
  4 slime creatures (D:12)
  2 yaks (D:11)
  A hungry ghost (D:11)
  A warg (D:12)
  An orc warrior (D:12)
  An ogre (D:11)
  A phantom (D:12)
  A crimson imp (D:11)
  A bullfrog zombie (D:12)
  A centaur zombie (D:11)
  4 orc wizards
  A bullfrog skeleton (D:12)
  A gnoll shaman (D:11)
  An orc priest (D:12)
  3 gnolls (D:11)
  An adder (D:11)
  6 orcs
  A goblin (D:12)
  A plant (D:11)
36 creatures vanquished.

Vanquished Creatures (others)
  A cyclops (D:12)
  4 flying skulls (D:12)
  An orc zombie (D:11)
  A fungus (D:11)
7 creatures vanquished.

Grand Total: 353 creatures vanquished

Notes
Turn   | Place    | Note
-------+----------+-------------------------------------------
     0 | D:1      | Inarius the Minotaur Fighter began the quest for the Orb.
     0 | D:1      | Reached XP level 1. HP: 19/19 MP: 0/0
   274 | D:1      | Reached XP level 2. HP: 27/27 MP: 1/1
   304 | D:1      | Found a corrupted altar of Lugonu.
   304 | D:1      | Found a one-way gate to the infinite horrors of the Abyss.
   712 | D:1      | Reached XP level 3. HP: 33/33 MP: 2/2
  1182 | D:2      | Reached XP level 4. HP: 40/40 MP: 3/3
  1806 | D:3      | Noticed miragecloak's ghost (amateur OpTm)
  1810 | D:3      | Killed miragecloak's ghost
  1810 | D:3      | Reached skill level 1 in Dodging
  1810 | D:3      | Reached XP level 5. HP: 47/47 MP: 4/4
  1890 | D:3      | Found a sparkling altar of Nemelex Xobeh.
  2367 | D:3      | Noticed Ijyb
  2372 | D:3      | Killed Ijyb
  2729 | D:4      | Found Yxkajebut's Weapon Shoppe.
  2733 | D:4      | Noticed greprep's ghost (amateur SpEn)
  2751 | D:4      | Killed greprep's ghost
  2751 | D:4      | Reached skill level 5 in Axes
  2751 | D:4      | Reached skill level 5 in Shields
  2751 | D:4      | Reached XP level 6. HP: 55/55 MP: 5/5
  2869 | D:4      | Noticed an ice beast
  2883 | D:4      | Killed an ice beast
  2883 | D:4      | Reached skill level 5 in Fighting
  3031 | D:4      | Reached skill level 5 in Armour
  3031 | D:4      | Reached XP level 7. HP: 56/61 MP: 6/6
  3278 | D:5      | Entered Level 5 of the Dungeon
  3316 | D:5      | Found a staircase to the Ecumenical Temple.
  3321 | Temple   | Entered the Ecumenical Temple
  3360 | Temple   | Became a worshipper of Yredelemnul the Dark
  3825 | D:5      | Reached skill level 1 in Stealth
  3878 | D:5      | Reached XP level 8. HP: 55/70 MP: 7/7
  4072 | D:4      | Bought a +2 triple sword of flaming for 330 gold pieces
  4336 | D:6      | Reached skill level 1 in Long Blades
  4392 | D:6      | HP: 3/70 [orc priest/divine providence (17)]
  4487 | D:6      | Reached skill level 2 in Long Blades
  4744 | D:6      | Reached skill level 1 in Invocations
  4789 | D:6      | Reached skill level 3 in Long Blades
  4994 | D:6      | Reached skill level 4 in Long Blades
  5168 | D:7      | Found a shattered altar of Ashenzari.
  5266 | D:7      | Reached skill level 5 in Long Blades
  5322 | D:7      | Reached * piety under Yredelemnul
  5518 | D:7      | Reached skill level 6 in Long Blades
  5518 | D:7      | Reached XP level 9. HP: 77/78 MP: 9/9
  5814 | D:7      | Gained mutation: You are partially covered in rugged brown scales. (AC +1, +3% HP) [mutagenic meat]
  5816 | D:7      | Gained mutation: Your spells are a little harder to cast, but a little more powerful. [mutagenic meat]
  6131 | D:8      | Found a staircase to the Lair.
  6278 | D:8      | Reached skill level 7 in Long Blades
  6495 | D:9      | Gained mutation: You are frail. (-10% HP) [potion of mutation]
  6495 | D:9      | Gained mutation: You are agile. (Dex +2) [potion of mutation]
  6495 | D:9      | Lost mutation: You are agile. (Dex +2) [potion of mutation]
  6683 | D:9      | Found a shimmering altar of Xom.
  6793 | D:9      | Reached ** piety under Yredelemnul
  6793 | D:9      | Reached skill level 8 in Long Blades
  6908 | D:9      | Reached skill level 9 in Long Blades
  7214 | D:9      | Reached skill level 10 in Long Blades
  7220 | D:9      | Reached XP level 10. HP: 40/79 MP: 12/12
  7387 | D:9      | Found a glowing golden altar of the Shining One.
  7387 | D:9      | Found a shattered altar of Ashenzari.
  7866 | D:10     | Entered Level 10 of the Dungeon
  7986 | D:10     | Got a polished shield
  7993 | D:10     | Identified the +2 shield "Zuaph" {-Tele *Contam MR++ Dex+9} (You found it on level 10 of the Dungeon)
  8178 | D:10     | Reached *** piety under Yredelemnul
  8558 | D:10     | Noticed a hill giant
  8596 | D:10     | Reached skill level 1 in Short Blades
  8616 | D:10     | Killed a hill giant
  8616 | D:10     | Reached skill level 11 in Long Blades
  8616 | D:10     | Reached skill level 5 in Invocations
  9035 | D:10     | Noticed a hill giant
  9055 | D:10     | Killed a hill giant
  9192 | D:10     | Reached **** piety under Yredelemnul
  9462 | D:11     | Received a gift from Yredelemnul (4 flying skulls)
  9485 | D:11     | Reached XP level 11. HP: 87/87 MP: 14/14
  9538 | D:11     | Received a gift from Yredelemnul (a flying skull)
  9623 | D:11     | Got a jewelled war axe
  9627 | D:11     | Identified the +7 war axe of Lamor {antimagic, *Rage Str+4} (You found it on level 11 of the Dungeon)
 10006 | D:11     | Noticed a hill giant
 10013 | D:11     | Killed a hill giant
 10016 | D:11     | Received a gift from Yredelemnul (a wraith)
 10180 | D:11     | Gained mutation: You are dopey. (Int -2) [potion of mutation]
 10180 | D:11     | Gained mutation: You are agile. (Dex +2) [potion of mutation]
 10180 | D:11     | Lost mutation: Your spells are a little harder to cast, but a little more powerful. [potion of mutation]
 10281 | D:12     | Noticed Snorg
 10287 | D:12     | Killed Snorg
 10465 | D:12     | Received a gift from Yredelemnul (a wraith)
 10471 | D:12     | Found a staircase to the Orcish Mines.
 10767 | D:12     | Found Ehiamof's Distillery.
 10773 | D:12     | Bought a potion of heal wounds for 80 gold pieces
 10773 | D:12     | Bought a potion of mutation for 40 gold pieces
 10774 | D:12     | Lost mutation: You are frail. (-10% HP) [potion of mutation]
 11261 | D:12     | Noticed a hill giant
 11265 | D:12     | Killed a hill giant
 11374 | D:12     | Noticed a hill giant
 11382 | D:12     | Killed a hill giant
 11382 | D:12     | Reached skill level 12 in Long Blades
 11389 | D:12     | Noticed a deep elf mage
 11395 | D:12     | Killed a deep elf mage
 11406 | D:12     | Noticed a phantasmal warrior
 11406 | D:12     | Noticed an ettin
 11410 | D:12     | Noticed a fire dragon
 11411 | D:12     | HP: 3/97 [ettin/dire flail (37)]
 11411 | D:12     | Annihilated by an ettin

Skill      XL: |  1  2  3  4  5  6  7  8  9 10 11 |
---------------+----------------------------------+-----
Fighting       | 4 5 6 7 8 |  8.8
Shields        | 4 5 6 7 8 9 |  9.8
Axes           | 3 4 5 |  5.8
Armour         | 4 5 6 7 8 9 |  9.3
Dodging        | 1 2 3 |  3.6
Stealth        | 1 2 |  2.4
Long Blades    | 6 10 11 12 | 12.0
Invocations    | 2 4 5 7 |  7.1
Short Blades   | 3 4 |  4.7

Action                   |  1- 3 |  4- 6 |  7- 9 | 10-12 || total
-------------------------+-------+-------+-------+-------++-------
Melee: War axe           |    95 |   111 |    75 |   118 ||   399
       Headbutt          |    12 |    16 |    59 |   129 ||   216
       Triple sword      |       |       |   198 |    17 ||   215
       Short sword       |       |       |       |   233 ||   233
Invok: Animate Dead      |       |       |       |     1 ||     1
  Use: Scroll            |       |     5 |    12 |     3 ||    20
       Potion            |       |     3 |     2 |     4 ||     9
 Stab: Distracted        |       |       |       |     3 ||     3
  Eat: Chunk             |     1 |     4 |    15 |    14 ||    34
       Pizza             |       |     1 |       |     1 ||     2
       Meat ration       |       |       |     1 |       ||     1
       Beef jerky        |       |       |     1 |       ||     1
       Bread ration      |       |       |       |     1 ||     1
Armor: Scale mail        |    46 |    55 |     3 |       ||   104
       Ring mail         |       |       |    35 |       ||    35
       Chain mail        |       |       |   134 |   115 ||   249
Dodge: Dodged            |    31 |    55 |   162 |    75 ||   323
Block: Shield            |    48 |    73 |    32 |   207 ||   360
       Reflection        |       |       |       |     7 ||     7
       Rpst.: Triple sword |       |       |    41 |     7 ||    48
